 Dungeon Crawl Stone Soup version 0.19.0-2-gae57169 (webtiles) character file.

52 Pepeogr the Caller (level 3, 0/26 HPs)
             Began as a Draconian Summoner on Nov 6, 2016.
             Succumbed to an adder's poison
             ... on level 2 of the Dungeon.
             The game lasted 00:12:35 (1411 turns).

Pepeogr the Caller (Draconian Summoner)             Turns: 1411, Time: 00:12:35

Health: 0/26       AC:  6    Str: 10    XL:     3   Next: 60%
Magic:  4/6        EV: 12    Int: 16    God:
Gold:   111        SH:  0    Dex: 11    Spells: 2 memorised, 2 levels left

rFire  . . .     SeeInvis .     f - +1 whip
rCold  . . .     Gourm    .     (armour unavailable)
rNeg   . . .     Faith    .     (no shield)
rPois  .         Spirit   .     (helmet restricted)
rElec  .         Reflect  .     (no cloak)
rCorr  +         Harm     .     (no gloves)
MR     .....                    c - +0 pair of boots
Stlth  ++........               (no amulet)
                                (no ring)
                                j - ring of resist corrosion

@: lethally poisoned (0 -> -4)
A: unfitting armour, cold-blooded, AC +5
a: no special abilities


You were on level 2 of the Dungeon.
You were not hungry.

You visited 1 branch of the dungeon, and saw 2 of its levels.

You collected 111 gold pieces.

Inventory:

Hand Weapons
 f - a +1 whip (weapon)
Armour
 c - a +0 pair of boots (worn)
 e - a +0 robe
Jewellery
 d - an uncursed amulet of the gourmand
 j - a ring of resist corrosion (left hand)
Books
 a - a book of Callings

   Spells                             Type                      Level
   a - Summon Small Mammal            Summoning                    1
   b - Call Imp                       Summoning                    2
   c - Call Canine Familiar           Summoning                    3
   d - Summon Guardian Golem          Hexes/Summoning              3
   e - Summon Lightning Spire         Summoning/Air                4
   f - Summon Ice Beast               Ice/Summoning                4
Comestibles
 b - a bread ration
 g - a meat ration
 h - 2 fruits


   Skills:
 + Level 2.0 Dodging
 + Level 1.9 Stealth
 * Level 1.1 Unarmed Combat
 + Level 2.3 Spellcasting
 + Level 4.7 Summonings


You had 2 spell levels left.
You knew the following spells:

 Your Spells              Type           Power        Failure   Level  Hunger
a - Summon Small Mammal   Summ           ###.         3%          1    #......
b - Summon Guardian Gole  Hex/Summ       #.......     28%         3    ###....


Dungeon Overview and Level Annotations

Branches:
Dungeon (2/15)

Altars:


Innate Abilities, Weirdness & Mutations

Your plain brown scales are hard. (AC +5)
You cannot fit into any form of body armour.
You are cold-blooded and may be slowed by cold attacks.


Message History

You feel sick. The quokka closely misses you.
The adder bites your guardian golem.
You closely miss the quokka. The quokka barely misses you.
The adder bites your guardian golem but does no damage.
You hit the quokka.
The quokka is lightly wounded.
The quokka bites you but does no damage.
The adder bites your guardian golem but does no damage.
The quokka closely misses you.
You barely miss the quokka.
* * * LOW HITPOINT WARNING * * *
You feel sick.
The adder bites your guardian golem but does no damage.
The quokka barely misses you.
The adder bites your guardian golem but does no damage.
You hit the quokka but do no damage.
The adder bites your guardian golem but does no damage.
The quokka bites you but does no damage.
You hit the quokka but do no damage.
You die...

#...........#######.
#..#.#.#.#..# #.
#...........# #.
#..#.#.#.#..# #.
#...........## #.
#.###.......... #.
#. #....(..### # #.
#.###...#########.#.
#..@r.#.............
###.#....###........
#.##.#.# .####.##
#8# .#.# #.## #S#
.#.# .... #.# .#.#
#.... #.# .# #..#.
#.# .. #. #.# #.


You could see an adder, a quokka and a friendly guardian golem.

Vanquished Creatures
  3 adders (D:2)
  3 giant cockroaches
  4 goblins
  3 hobgoblins (D:2)
  3 kobolds
  A ball python (D:2)
  A bat (D:2)
  2 frilled lizards
  3 rats (D:2)
23 creatures vanquished.

Vanquished Creatures (collateral kills)
  A leopard gecko (D:1)
  A hobgoblin (D:1)
  A kobold (D:1)
3 creatures vanquished.

Grand Total: 26 creatures vanquished

Notes
Turn   | Place    | Note
-------+----------+-------------------------------------------
     0 | D:1      | Pepeogr the Draconian Summoner began the quest for the Orb.
     0 | D:1      | Reached XP level 1. HP: 14/14 MP: 3/3
   424 | D:1      | Reached XP level 2. HP: 20/20 MP: 5/5
   810 | D:2      | Reached XP level 3. HP: 18/26 MP: 6/6
   815 | D:2      | Learned a level 3 spell: Summon Guardian Golem
  1254 | D:2      | Reached skill level 1 in Unarmed Combat
  1409 | D:2      | HP: 1/26 [poisoned by an adder]
  1411 | D:2      | Succumbed to an adder's poison

Skill      XL: |  1  2  3 |
---------------+----------+-----
Dodging        | 2 |  2.0
Unarmed Combat | 1 |  1.1
Stealth        | |  1.9
Spellcasting   | |  2.3
Summonings     | |  4.7

Action                   || total
-------------------------++-------
Melee: Whip              ||    63
       Tailslap          ||    10
       Unarmed           ||    46
 Cast: Summon Small Mamm ||     1
       Summon Guardian G ||     2
  Use: Scroll            ||     6
       Potion            ||     4
 Stab: Sleeping          ||     1
  Eat: Bread ration      ||     1
Armor: Skin              ||    43
Dodge: Dodged            ||    91
